 Seeded DCSS version 0.29-a0-334-gb41bcbb86e (webtiles) character file.

Game seed: 16680347543535142200 (custom seed)

16 zeratav the Insei (level 2, -4/18 HPs)
             Began as an Octopode Transmuter on Apr 14, 2022.
             Slain by a gnoll
             ... wielding a +0 spear
              (7 damage)
             ... on level 2 of the Dungeon.
             The game lasted 00:01:08 (1377 turns).

zeratav the Insei (Octopode Transmuter)             Turns: 1377, Time: 00:01:09

Health: -4/18      AC:  1    Str: 15    XL:     2   Next: 54%
Magic:  4/5        EV: 13    Int: 15    God:
Gold:   59         SH:  0    Dex: 16    Spells: 4/5 levels left

rFire   . . .      SeeInvis +     - Unarmed
rCold   . . .      Faith    .   (no shield)
rNeg    . . .      Spirit   .   (helmet currently unavailable)
rPois   +          Reflect  .   (no amulet)
rElec   .          Harm     .   h - ring of Womuz {*Corrode rPois Str+6 Dex+4 SInv}
rCorr   .          Rampage  .   l - ring of wizardry
Will    .....                   (no ring)
Stlth   +++.......              (no ring)
HPRegen 0.06/turn               (no ring)
MPRegen 0.09/turn               (no ring)
                                (no ring)
                                (no ring)

@: appendages (expiring)
A: tentacle spike 3, almost no armour, amphibious, 8 rings, camouflage 1,
gelatinous body 1, (nimble swimmer 1), tentacles
a: End Transformation


You were on level 2 of the Dungeon.
One of your tentacles had grown a beastly spike.
You visited 1 branch of the dungeon, and saw 2 of its levels.

You collected 59 gold pieces.


Innate Abilities, Weirdness & Mutations

One of your tentacles has grown a beastly spike.
You cannot wear most types of armour.
You are amphibious.
You can wear up to eight rings at the same time.
Your skin changes colour to match your surroundings (Stealth+).
Your rubbery body absorbs attacks. (AC +1, EV +1)
((You are camouflaged when in or above water. (Stealth+)))
You have tentacles for arms and can constrict up to eight enemies at once.


   Skills:
 + Level 1.3 Fighting
 + Level 2.2 Dodging
 + Level 1.1 Stealth
 * Level 3.3 Unarmed Combat
 - Level 2.0 Spellcasting
 - Level 2.0 Transmutations


You had 4 spell levels left.
You knew the following spells:

 Your Spells              Type           Power      Damage    Failure   Level
a - Beastly Appendage     Tmut           14%        N/A       4%          1

Your spell library contained the following spells:

 Spells                   Type           Power      Damage    Failure   Level
 Wereblood                Tmut           7%         N/A       6%          2
 Spider Form              Tmut/Pois      4%         N/A       17%         3
 Ozocubu's Armour         Ice            1%         N/A       26%         3
 Ice Form                 Ice/Tmut       4%         N/A       47%         4
 Animate Dead             Necr           0%         N/A       61%         4
 Olgreb's Toxic Radiance  Pois           1%         N/A       61%         4
 Simulacrum               Ice/Necr       0%         N/A       100%        6
 Haunt                    Necr/Summ      0%         N/A       100%        7
 Infestation              Necr           0%         N/A       100%        8

Inventory:

Jewellery
 h - the ring of Womuz (left tentacle) {*Corrode rPois Str+6 Dex+4 SInv}
   (You found it on level 2 of the Dungeon)

   [ring of strength]

   Str:       It affects your strength (+6).
   Dex:       It affects your dexterity (+4).
   rPois:     It protects you from poison.
   SInv:      It lets you see invisible.
   *Corrode:  It may corrode you when you take damage.
 l - a ring of wizardry (right tentacle)
   (You found it on level 2 of the Dungeon)
Scrolls
 b - 2 scrolls of teleportation {unknown}
 e - 2 scrolls of enchant armour {unknown}
 g - a scroll of fear {unknown}
 i - a scroll of vulnerability {unknown}
 j - a scroll of enchant weapon {unknown}
Potions
 a - a potion of lignification {!q}
 c - a potion of attraction {unknown}
 d - 2 potions of curing {unknown}
 f - a potion of might {unknown}
 k - a potion of heal wounds {unknown}

Dungeon Overview and Level Annotations

Branches:
Dungeon (2/15)

Altars:

#.................
#........#########
#>................
#.............####
#.............#
#.............#
#.####........#
#.# #........# #@#
#........# #g#
#........# #g#
#........# #.# #.#
#.# ######'#####
#.....g....#
#.....†....# .


You could see 3 gnolls.


Message History

No target in view!
No target in view!
No target in view!
Your transformation is almost over.
j - a scroll labelled WEWIFEWKIARR MP[+1]
Your mp is fully restored (5).
e - 2 scrolls labelled FUISTR LOSAFICW (gained 1)
Your tentacle spike disappears.
You now have 49 gold pieces (gained 8).
A ball python comes into view.
Found a shiny bone ring.
Found a stone staircase leading down.
A ball python is nearby!
One of your tentacles grows a vicious spike.
Your transformation is almost over.
The ball python hisses angrily.
MP[-1]
You lost 1 mp, and now have 4/5 mp.
You tentacle-slap the ball python.
You kill the ball python!
No target in view!
No target in view!
No target in view!
No target in view!
No target in view!
No target in view!
No target in view!
No target in view!
No target in view!
No target in view!
No target in view!
No target in view!
No target in view!
No target in view!
Your tentacle spike disappears.
k - a sapphire potion MP[+1]
Your mp is fully restored (5).
l - a ring of wizardry
l - a ring of wizardry (right tentacle)
There is a stone staircase leading down here.
As you open the door, it creaks loudly!
A quokka comes into view.
One of your tentacles grows a vicious spike.
MP[-1]
You lost 1 mp, and now have 4/5 mp.
There is an open door here.
Your transformation is almost over.
The quokka closely misses you.
You tentacle-slap the quokka but do no damage.
Your grab misses the quokka.
You pierce the quokka.
You kill the quokka!
No target in view!
No target in view!
No target in view!
No target in view!
No target in view!
No target in view!
No target in view!
No target in view!
No target in view!
No target in view!
No target in view!
No target in view!
No target in view!
No target in view!
No target in view!
Your tentacle spike disappears.
You now have 59 gold pieces (gained 10).
You open the door. 2 gnolls come into view.
The gnoll shouts!
A bat comes into view.
A gnoll comes into view. It is wielding a +0 whip.
The bat moves out of view.
MP[+1]
Your mp is fully restored (5).
There is an open door here.
Casting: Beastly Appendage (safe; 4% risk of failure)
Confirm with . or Enter, or press ? or * to list all spells.
One of your tentacles grows a vicious spike.
MP[-1]
You lost 1 mp, and now have 4/5 mp.
Your transformation is almost over.
The gnoll hits you with a +0 whip.
HP[-6]
You take 6 damage, and now have 12/18 hp.
MASSIVE DAMAGE!! (PAUSE)
You closely miss the gnoll. You grab the gnoll. You constrict the gnoll.
The gnoll hits you from afar with a +0 spear.
* * * LOW HITPOINT WARNING * * *
The gnoll hits you with a +0 whip.
* * * LOW HITPOINT WARNING * * *
HP[-9]
You take 9 damage, and now have 3/18 hp.
MASSIVE DAMAGE!! (PAUSE)
You tentacle-slap the gnoll.
You pierce the gnoll.
You constrict the gnoll. The gnoll barely misses you.
The gnoll hits you from afar with a +0 spear!
You die...

Skill      XL: |  1  2 |
---------------+-------+-----
Stealth        | 1 |  1.1
Fighting       | |  1.3
Dodging        | |  2.2
Unarmed Combat | |  3.3
Spellcasting   | |  2.0
Transmutations | |  2.0

Action                   || total
-------------------------++-------
Melee: Unarmed           ||    31
       Kick              ||    11
       Constrict         ||     9
       Tentacles         ||     4
       Punch             ||     3
 Cast: Beastly Appendage ||    13
 Stab: Sleeping          ||     2
Armor: Skin              ||     2
Dodge: Dodged            ||    14

Levels and vault maps discovered:
D:1:      lemuel_arrival_funnel, layout_rooms,
          dreamdust_ecumenical_altar_hidden_monk_grotto,
          hangedman_abyss_or_decor_lesser_grid
D:2:      layout_basic

Notes
Turn   | Place    | Note
-------+----------+-------------------------------------------
     0 | D:1      | zeratav the Octopode Transmuter began the quest for the
                  | Orb.
     0 | D:1      | Reached XP level 1. HP: 13/13 MP: 3/3
     0 | D:1      | magus.rc [v1.9.6]
   541 | D:1      | Reached XP level 2. HP: 18/18 MP: 1/5
   640 | D:1      | You add the spells Ozocubu's Armour, Olgreb's Toxic
                  | Radiance and Simulacrum to your library.
   640 | D:1      | Got the Grimoire of Cold and Envenoming
   812 | D:1      | Found a faded altar of an unknown god.
  1085 | D:2      | Reached skill level 1 in Stealth
  1204 | D:2      | Identified the ring of Womuz {*Corrode rPois Str+6 Dex+4
                  | SInv}
  1250 | D:2      | You pick up a book of Death and begin reading...
  1250 | D:2      | You add the spells Animate Dead, Haunt and Infestation to
                  | your library.
  1376 | D:2      | HP: 3/18 [gnoll/+0 whip (3)]
  1377 | D:2      | Slain by a gnoll

Vanquished Creatures
  3 ball pythons
  2 goblins (D:1)
  2 hobgoblins
  2 kobolds
  A quokka (D:2)
  2 bats (D:1)
  A frilled lizard (D:2)
  A rat (D:1)
14 creatures vanquished.

Table legend:
 A = Non-vault XP
 B = Vault XP
 C = Vault XP percentage of total XP
 D = Non-vault monster count
 E = Vault monster count
 F = Vault count percentage of total count
                 A         B        C        D         E       F
            +---------+---------+-------+---------+---------+-------
      Total |      23 |       0 |   0.0 |      14 |       0 |   0.0
            +---------+---------+-------+---------+---------+-------
        D:1 |      13 |       0 |   0.0 |       8 |       0 |   0.0
        D:2 |      10 |       0 |   0.0 |       6 |       0 |   0.0
            +---------+---------+-------+---------+---------+-------

Illustrated notes

Table legend:
 A = Kills in this place as a percentage of kills in entire the game.
 B = Kills by you in this place as a percentage of kills by you in the entire game.
 C = Kills by friends in this place as a percentage of kills by friends in the entire game.
 D = Other kills in this place as a percentage of other kills in the entire game.
 E = Experience gained in this place as a percentage of experience gained in the entire game.
 F = Experience gained in this place divided by the number of levels of this place that you have seen.
                   A       B       C       D       E      F
               +-------+-------+-------+-------+-------+----------------------
         Total | 100.0 | 100.0 |   N/A |   N/A | 100.0 |  11.5
       Dungeon | 100.0 | 100.0 |   N/A |   N/A | 100.0 |  11.5
               +-------+-------+-------+-------+-------+----------------------

Table legend: (Time is in decaauts)
 A = Elapsed time spent in this place.
 B = Non-inter-level travel time spent in this place.
 C = Inter-level travel time spent in this place.
 D = Time resting spent in this place.
 E = Time spent auto-exploring this place.
 F = Levels seen in this place.
 G = Mean time per level.
                   A        B        C        D        E       F      G
               +--------+--------+--------+--------+--------+-----+--------+
         Total |   1374 |   1317 |     57 |    193 |    983 |   2 |  687.0 |
       Dungeon |   1374 |   1317 |     57 |    193 |    983 |   2 |  687.0 |
               +--------+--------+--------+--------+--------+-----+--------+

Top non-repeatable levels by time:
     D:1: 1021 daAuts
     D:2: 353 daAuts
